cohdb
Replays
Latest Replays
All Replays
Popular Replays
Top Player Replays
Match Explorer
How It Works
Community
CoH3 Stats
Reddit
Sign in to upload your games and track your stats! →
Sign in with Steam
Match 41528828
Unlisted
Match 41528828
Overview
Messages
Build Orders
End
Royal Engineer Section
Construct Section Command Post
Infantry Section
Vickers Machine Gun Team
Infantry Section
Selects Canadian Shock Battlegroup
Construct Platoon Command Post
Selects Attacking Spirit
Selects Canadian Shock Section
Humber Armored Car
Canadian Shock Section
Selects Incendiary Munitions
calinandreiion
WadoVice
0
0
Comments
sign in to comment!
No comments posted yet!